 Dungeon Crawl Stone Soup version 0.31.0-11-ge490571c62 (webtiles) character file.

Game seed: 11125227045025669202

141 Arcadio the Sneak (level 5, 0/43 HPs)
             Began as a Merfolk Delver on Jan 26, 2024.
             Was an Initiate of Yredelemnul.
             Slain by a quokka (2 damage)
             ... summoned by Eustachio
             ... on level 4 of the Dungeon.
             The game lasted 00:04:16 (1158 turns).

Arcadio the Sneak (Merfolk Delver)                  Turns: 1158, Time: 00:04:16

Health: 0/43       AC:  7    Str: 14    XL:     5   Next: 24%
Magic:  5/5        EV: 11    Int:  9    God:    Yredelemnul [......]
Gold:   57         SH:  0    Dex: 16    Spells: 4/4 levels left

rFire   . . .        a - +0 spear
rCold   . . .        (no shield)
rNeg    . . .        m - +0 scale mail
rPois   .            (no helmet)
rElec   .            (no cloak)
rCorr   .            k - +0 pair of gloves
SInv    .            (no boots)
Will    .....        (no amulet)
Stlth   ++           (no ring)
HPRegen 0.27/turn    (no ring)
MPRegen 0.09/turn

%: no passive effects
@: no status effects
A: (nimble swimmer 2), mertail
a: Renounce Religion, Recall Undead Harvest


You were on level 4 of the Dungeon.
You worshipped Yredelemnul.
Yredelemnul was noncommittal.
You visited 2 branches of the dungeon, and saw 4 of its levels.

You collected 57 gold pieces.

Inventory:

Hand Weapons
 a - a +0 spear (weapon)
Armour
 b - a +0 leather armour
 j - a +0 ring mail
 k - a +0 pair of gloves (worn)
 m - a +0 scale mail (worn)
Wands
 g - a wand of digging (3)
Scrolls
 d - a scroll of revelation
 e - a scroll of fear
 h - a scroll of identify {unknown}
 i - 2 scrolls of teleportation {unknown}
 l - a scroll of amnesia {unknown}


   Skills:
 + Level 4.4 Fighting
 + Level 4.3 Polearms
 + Level 4.3 Dodging
 - Level 5.8 Stealth


You had 4 spell levels left.
You didn't know any spells.
Your spell library was empty.

Dungeon Overview and Level Annotations

Branches:
Dungeon (6/15)             Temple (1/1) D:5

Altars:
Ashenzari
Cheibriados
Dithmenos
Elyvilon
Gozag
Hepliaklqana
Kikubaaqudgha
Makhleb
Okawaru
Qazlal
Ru
Sif Muna
Uskayaw
Wu Jian
Xom
Yredelemnul
Zin
The Shining One

Annotations:
D:4 Eustachio


Innate Abilities, Weirdness & Mutations

((You are very nimble when in or above water. (Stealth+, EV+, Speed+++)))
Your lower body shifts to a powerful aquatic tail in water.


Message History

Eustachio blinks!
You closely miss the shadow imp. The bat hits you but does no damage.
The rat barely misses you. The rat completely misses you.
The shadow imp barely misses you. The shadow imp closely misses you.
The quokka closely misses you. The bat closely misses you.
As you read the scroll of fog, it dissolves into smoke.
The bat hits you but does no damage. The rat closely misses you.
The rat barely misses you. The shadow imp misses you. The quokka bites you.
The shadow imp hits you but does no damage.
The bat hits you but does no damage.
You hit the shadow imp.
The shadow imp is lightly wounded.
The bat hits you but does no damage. The rat bites you.
* * * LOW HITPOINT WARNING * * *
The rat barely misses you.
The quokka bites you but does no damage.
The shadow imp hits you but does no damage. x2
You hit the shadow imp.
The shadow imp is heavily wounded.
The bat hits you.
* * * LOW HITPOINT WARNING * * *
The quokka bites you.
* * * LOW HITPOINT WARNING * * *
The rat bites you.
* * * LOW HITPOINT WARNING * * *
The rat bites you.
* * * LOW HITPOINT WARNING * * *
The bat closely misses you. The shadow imp barely misses you.
The shadow imp misses you.
You closely miss the shadow imp.
The shadow imp is heavily wounded.
The bat hits you but does no damage.
The quokka bites you but does no damage.
The rat barely misses you. x2
The shadow imp hits you but does no damage. x2
You barely miss the shadow imp.
The shadow imp is heavily wounded.
The quokka bites you.
You die...
Your body rises from the dead as a mindless zombie.

######. #.....
#.... #..#
#..##+###+#########
.........)...§§§b§+
.............§§rr§#
#..##.###...###r@##
# #####+#
#######55##..##
#.§§5@....#
#.§.......#
##.......##
#########


You could see Eustachio, 2 shadow imps, an ufetubus (summoned), a quokka
(summoned), a bat (summoned) and 2 rats.

Vanquished Creatures
  A howler monkey (D:4)
  A hound (D:5)
  A sleepcap (D:5)
  An orc wizard (D:5)
  An adder (D:4)
  A dart slug (D:5)
  4 orcs (D:5)
  A quokka (D:5)
11 creatures vanquished.

Vanquished Creatures (others)
  An adder zombie (D:4)
1 creature vanquished.

Grand Total: 12 creatures vanquished

Notes
Turn   | Place    | Note
-------+----------+-------------------------------------------
     0 | D:5      | Arcadio the Merfolk Delver began the quest for the Orb.
     0 | D:5      | Reached XP level 1. HP: 18/18 MP: 1/1
   154 | D:5      | Noticed an orc wizard
   198 | D:5      | Noticed a hound
   201 | D:5      | Noticed a sleepcap
   228 | D:5      | Killed a hound
   229 | D:5      | Reached XP level 2. HP: 11/25 MP: 2/2
   229 | D:5      | Reached XP level 3. HP: 14/30 MP: 3/3
   426 | D:5      | Reached XP level 4. HP: 6/37 MP: 4/4
   876 | D:5      | Noticed a phantom
   930 | D:4      | Reached XP level 5. HP: 42/43 MP: 5/5
   943 | D:5      | Found a staircase to the Ecumenical Temple.
   950 | Temple   | Entered the Ecumenical Temple
   973 | Temple   | Became a worshipper of Yredelemnul the Dark
  1129 | D:4      | Noticed Eustachio
  1156 | D:4      | HP: 2/43 [rat[Eustachio] (1)]
  1158 | D:4      | Slain by a quokka

Illustrated notes

Levels and vault maps discovered:
D:4:      layout_gridville, lemuel_round_altar, minivault_11,
          nicolae_shop_dragon_depot, kennysheep_small_circle, uniq_edmund,
          uniq_eustachio
D:5:      layout_rooms, minmay_temple_entry_wispy
D:6:      layout_cave_pools, old_standard_altar, serial_shops, shop,
          uniq_crazy_yiuf_cottage, uniq_jeremiah, uniq_blork_the_orc
Temple:   nicolae_temple_bog_church

Skill      XL: |  1  2  3  4 |
---------------+-------------+-----
Polearms       | 3 4 |  4.3
Dodging        | 3 4 |  4.3
Fighting       | 4 |  4.4
Stealth        | |  5.8

Action                     |  1- 3 |  4- 6 || total
---------------------------+-------+-------++-------
  Melee: Spear             |    76 |    85 ||   161
         Punch             |       |     1 ||     1
    Use: Potion            |       |     1 ||     1
         Scroll            |       |     1 ||     1
   Stab: Sleeping          |     2 |     1 ||     3
 Armour: Ring mail         |    24 |       ||    24
         Leather armour    |     6 |       ||     6
         Scale mail        |    18 |    77 ||    95
  Dodge: Dodged            |    31 |    58 ||    89
